 Dungeon Crawl Stone Soup version 0.31-a0-851-g7ff8af7976 (webtiles) character file.

Game seed: 3939846142946118412

156 avis the Ducker (level 5, 22/22 HPs)
             Began as a Felid Shapeshifter on Oct 7, 2023.
             Got out of the dungeon alive.
             The game lasted 00:10:24 (1720 turns).

avis the Ducker (Felid Shapeshifter)                Turns: 1720, Time: 00:10:24

Health: 22/22      AC:  1    Str: 12    XL:     5   Next: 14%
Magic:  6/6        EV: 19    Int: 12    God:
Gold:   84         SH:  0    Dex: 15    Spells: 4/4 levels left
                                        Lives:  1   Deaths: 1

rFire   . .          .
                       - Unarmed
rCold   . . .        (shield unavailable)
rNeg    . . .        (body armour unavailable)
rPois   .            (helmet unavailable)
rElec   .            (cloak unavailable)
rCorr   .            (gloves unavailable)
SInv    +            (boots unavailable)
Will    .....        (no amulet)
Stlth   ++           (no ring)
HPRegen 0.23/turn    (no ring)
MPRegen 0.10/turn

%: no passive effects
@: beast-form, quick
A: beast (slay +2), very small, claws 1, fangs 3, see invisible, speed 1, shaggy
fur 1, stealthy paws, no weapons or thrown items, no armour, multi-lived
a: Begin Untransformation


You escaped.
You were a hulking beast.
You visited 1 branch of the dungeon, and saw 3 of its levels.

You collected 84 gold pieces.

Inventory:

Talismans
 b - a beast talisman (active)
 f - a flux talisman
Scrolls
 c - 2 scrolls of torment {unknown}
 d - 5 scrolls of fog {unknown}
 g - 2 scrolls of identify {unknown}
 h - 6 scrolls of teleportation {unknown}
 j - a scroll of enchant armour {unknown}
Potions
 a - a potion of lignification
 e - a potion of curing {unknown}
 i - a potion of invisibility {unknown}


   Skills:
 - Level 2.0 Fighting
 * Level 5.8 Dodging
 - Level 3.0 Stealth
 - Level 3.0 Unarmed Combat
 - Level 3.5 Shapeshifting


You had 4 spell levels left.
You didn't know any spells.
Your spell library was empty.

Dungeon Overview and Level Annotations

Branches:
Dungeon (3/15)

Altars:

Shops:
D:1 ?


Innate Abilities, Weirdness & Mutations

You are a hulking beast.
Your limbs bulge with bestial killing power. (Slay +2)
You have sharp claws.
You have razor-sharp teeth.
You have supernaturally acute eyesight. (SInv)
You cover ground quickly. (Speed+)
You are covered in fur. (AC +1)
Your paws help you pounce on unaware monsters.
You are incapable of wielding weapons or throwing items.
You cannot wear armour.
You gain extra lives every three experience levels.


Message History

An orc priest is nearby!
The orc priest closely misses you.
You scratch the orc priest but do no damage.
The orc priest is almost dead.
The orc priest hits you with a +0 flail!
You claw the orc priest!
You kill the orc priest!
You have reached level 5!
You feel clever.
HP restored.
Things that are here:
a +0 flail; a +0 chain mail; an orc corpse You open the door.
An adder comes into view.
Found 11 gold pieces.
There is an open door here.
The helpless adder fails to defend itself.
You claw the adder!
You kill the adder!
Found a scroll labelled YVEOTOUPIDAP.
You now have enough gold to buy a scroll of blinking on D:1, or buy a scroll of revelation on D:1.
You can access your shopping list by pressing '$'.
You now have 84 gold pieces (gained 11).
You see here an adder corpse.
j - a scroll labelled YVEOTOUPIDAP
Found a plate armour.
Found an emerald potion.
Found an escape hatch in the floor.
You see here a +0 plate armour.
There is a stone staircase leading up here.
You climb upwards.
There is a stone staircase leading down here.
There is a stone staircase leading up here.
You climb upwards.
There is a stone staircase leading down here.
There is an open door here.
There is an entrance to Estrinle's Magic Scroll Shoppe here.
There is an open door here.
There is a staircase leading out of the dungeon here.
You have escaped!

....# #..#### #.# #.#.#
######.....###.# #.#.#
#............#.# #.#.#
##.♣♣♣♣♣♣♣♣♣..#.#
#.#.######..♣PP..PP..♣...#
#.......)...♣PP..P...♣.###
.........#..♣..PP...P♣.##########
.....>......♣..P...PP♣...........
....####.#..♣PP.h.P..♣.#.########
..#.# #.##.♣P...PP..♣.#.# .#..#
#.##.♣...P..PP♣.#.# ....#
#....♣..PP..PP♣...# .#.##
#.##..♣♣♣♣♣♣♣♣♣.### ..##
#.##........(...# .##
#.#######..###### .# #.# #.## .#
#.# #.# ###########


There were no monsters in sight!

Vanquished Creatures
  An orc priest (D:3)
  An orc wizard (D:3)
  3 adders
  4 worms
  A dart slug (D:1)
  3 orcs (D:3)
  8 endoplasms
  3 hobgoblins (D:1)
  3 jackals (D:1)
  3 quokkas
  3 ball pythons
  8 bats
  7 frilled lizards
  5 goblins
  3 kobolds
  6 rats (D:1)
62 creatures vanquished.

Notes
Turn   | Place    | Note
-------+----------+-------------------------------------------
     0 | D:1      | avis the Felid Shapeshifter began the quest for the Orb.
     0 | D:1      | Reached XP level 1. HP: 9/9 MP: 2/2
    84 | D:1      | Reached skill level 1 in Stealth
    86 | D:1      | Reached XP level 2. HP: 9/13 MP: 3/3
   146 | D:1      | Reached skill level 3 in Dodging
   495 | D:1      | Reached XP level 3. HP: 15/16 MP: 4/4
   612 | D:1      | Found Estrinle's Magic Scroll Shoppe.
  1131 | D:2      | Reached skill level 4 in Dodging
  1214 | D:2      | Reached XP level 4. HP: 18/19 MP: 5/5
  1532 | D:3      | Reached skill level 5 in Dodging
  1551 | D:3      | Killed from afar by an orc priest
  1583 | D:3      | Reached XP level 5. HP: 14/22 MP: 6/6
  1720 | D:$      | Got out of the dungeon alive.

Illustrated notes

Levels and vault maps discovered:
D:1:      scummos_arrival_checkerplants, layout_loops_ring, serial_shops,
          nicolae_shop_behind_doors, nrook_campfire, minmay_surrounded
D:2:      layout_rooms, reono_crystal_passage, kennysheep_generic_room_4
D:3:      layout_basic

Skill      XL: |  1  2  3  4 |
---------------+-------------+-----
Stealth        | 1 2 3 |  3.0
Fighting       | 2 |  2.0
Dodging        | 3 4 5 |  5.8
Unarmed Combat | |  3.0
Shapeshifting  | |  3.5

Action                     |  1- 3 |  4- 6 || total
---------------------------+-------+-------++-------
  Melee: Unarmed           |    90 |    53 ||   143
         Bite              |     8 |     4 ||    12
         Punch             |     2 |     1 ||     3
   Stab: Sleeping          |     5 |     2 ||     7
         Distracted        |     1 |       ||     1
 Armour: Skin              |    16 |    13 ||    29
  Dodge: Dodged            |    48 |    31 ||    79

Table legend: (Time is in decaauts)
 A = Elapsed time spent in this place.
 B = Non-inter-level travel time spent in this place.
 C = Inter-level travel time spent in this place.
 D = Time resting spent in this place.
 E = Time spent auto-exploring this place.
 F = Levels seen in this place.
 G = Mean time per level.
                   A        B        C        D        E       F      G
               +--------+--------+--------+--------+--------+-----+--------+
         Total |   1456 |   1296 |    160 |    132 |    744 |   3 |  485.3 |
       Dungeon |   1456 |   1296 |    160 |    132 |    744 |   3 |  485.3 |
               +--------+--------+--------+--------+--------+-----+--------+

Top non-repeatable levels by time:
     D:1: 816 daAuts
     D:2: 474 daAuts
     D:3: 166 daAuts
